 Dungeon Crawl Stone Soup version 0.32-a0-859-gb0a091d592 (webtiles) character file.

Game seed: 17603217838267323035

55 zenocrate the Digger (level 3, 0/22 HPs)
             Began as an Octopode Earth Elementalist on Mar 28, 2024.
             Constricted to death by a ball python (1 damage)
             ... on level 3 of the Dungeon.
             The game lasted 00:01:51 (1634 turns).

zenocrate the Digger (Octopode Earth Elementalist)  Turns: 1634, Time: 00:01:52

Health: 0/22       AC:  1    Str:  7    XL:     3   Next: 93%
Magic:  6/6        EV:  2    Int: 19    God:
Gold:   160        SH:  0    Dex: 12    Spells: 2/6 levels left

rFire   . .          .
                       - Unarmed
rCold   . . .        (no shield)
rNeg    . . .        (helmet restricted)
rPois   .            (no amulet)
rElec   .            (no ring)
rCorr   .            (no ring)
SInv    .            (no ring)
Will    .....        (no ring)
Stlth   +++          (no ring)
HPRegen 0.23/turn    (no ring)
MPRegen 0.10/turn    (no ring)
                     (no ring)

%: no passive effects
@: constricted
A: almost no armour, amphibious, 8 rings, camouflage 1, gelatinous body 1,
(nimble swimmer 1), tentacles
a: no special abilities


You were on level 3 of the Dungeon.
You visited 1 branch of the dungeon, and saw 3 of its levels.

You collected 160 gold pieces.

Inventory:

Jewellery
 b - a ring of flight
Talismans
 g - a serpent talisman
Scrolls
 c - a scroll of poison {unknown}
 d - a scroll of vulnerability {unknown}
 e - 2 scrolls of fog {unknown}
 f - a scroll of enchant weapon {unknown}
 h - a scroll of torment {unknown}
 i - a scroll of butterflies {unknown}
 k - a scroll of identify {unknown}
Potions
 a - a potion of magic
 j - a potion of enlightenment {unknown}


   Skills:
 - Level 0.7 Fighting
 - Level 2.3 Dodging
 - Level 3.0 Stealth
 + Level 1.1 Unarmed Combat
 - Level 2.3 Spellcasting
 - Level 1.3 Conjurations
 - Level 3.1 Earth Magic
 * Level 1.2 Shapeshifting


You had 2 spell levels left.
You knew the following spells:

 Your Spells              Type           Power      Damage    Failure   Level
a - Sandblast             Erth           28%        2d8       4%          1
b - Stone Arrow           Conj/Erth      20%        3d8       21%         3

Your spell library contained the following spells:

 Spells                   Type           Power      Damage    Failure   Level
 Passwall                 Erth           14%        N/A       14%         3
 Brom's Barrelling Bould  Conj/Erth      10%        2d3       54%         4
 Petrify                  Alch/Erth      8%         N/A       65%         4


Dungeon Overview and Level Annotations

Branches:
Dungeon (3/15)

Altars:

Shops:
D:2 ::


Innate Abilities, Weirdness & Mutations

You cannot wear most types of armour.
You are amphibious.
You can wear up to eight rings at the same time.
Your skin changes colour to match your surroundings (Stealth+).
Your rubbery body absorbs attacks. (AC +1, EV +1)
((You are camouflaged when in or above water. (Stealth+)))
You have tentacles for arms and can constrict up to eight enemies at once.


Message History

You see here a +0 leather armour.
You see here a +0 leather armour.
Found a stone staircase leading up.
No target in view!
A ball python comes into view.
An orc and an endoplasm come into view.
The ball python hisses angrily.
The orc shouts!
There are monsters nearby!
Found 10 gold pieces.
The ball python closely misses you.
You completely miss the ball python.
The endoplasm quivers.
Your grab misses the ball python. The ball python closely misses you.
The ball python barely misses you.
You tentacle-slap the orc but do no damage.
Your grab misses the orc. You squeeze the orc.
The orc is severely wounded.
The orc hits you with a +0 hand axe. The ball python bites you.
The ball python grabs you. The ball python constricts you.
You tentacle-slap the ball python but do no damage.
Your grab misses the ball python.
You squeeze the ball python, but do no damage.
The ball python barely misses you. The ball python constricts you.
The orc hits you with a +0 hand axe.
You barely miss the orc. Your grab misses the orc.
Your tentacle-slap misses the orc.
The orc is severely wounded.
The ball python bites you. The ball python constricts you.
The orc hits you with a +0 hand axe.
* * * LOW HITPOINT WARNING * * *
The ball python bites you.
* * * LOW HITPOINT WARNING * * *
The ball python constricts you.
* * * LOW HITPOINT WARNING * * *
The ball python's grasp on you weakens, but your attempt to escape fails.
The orc hits you with a +0 hand axe.
* * * LOW HITPOINT WARNING * * *
The ball python bites you.
* * * LOW HITPOINT WARNING * * *
The ball python constricts you.
You die...

#<#.# #.#.# #########
#.#.#.# ........#
#.#.#.# ........#
#.#.#.# ........#
#.#.#.##### .......J#
#.#.#[..... ......So#
#.#........
.......@######.###......
$.....................>#
........##############.#
######### #†# ########.#
#......... #.........
#.(....... #.........


You could see an orc, an endoplasm and a ball python.

Vanquished Creatures
  An adder (D:3)
  An orc (D:3)
  4 ball pythons
  7 bats
  3 endoplasms
  4 giant cockroaches
  A goblin (D:1)
  6 hobgoblins
  2 quokkas (D:2)
  3 frilled lizards
  4 kobolds
  6 rats
42 creatures vanquished.

Notes
Turn   | Place    | Note
-------+----------+-------------------------------------------
     0 | D:1      | zenocrate the Octopode Earth Elementalist began the quest
                  | for the Orb.
     0 | D:1      | Reached XP level 1. HP: 11/11 MP: 3/3
   398 | D:1      | Reached XP level 2. HP: 16/18 MP: 5/5
   541 | D:1      | Found a faded altar of an unknown god.
   737 | D:2      | Found Orybyen's Book Boutique.
   956 | D:2      | Reached XP level 3. HP: 22/22 MP: 6/6
   975 | D:2      | Learned a level 3 spell: Stone Arrow
   993 | D:2      | Found Aciakkyc's Book Shoppe.
  1558 | D:3      | Reached skill level 1 in Unarmed Combat
  1578 | D:3      | Reached skill level 1 in Shapeshifting
  1634 | D:3      | HP: 1/22 [ball python (1)]
  1634 | D:3      | Constricted to death by a ball python

Illustrated notes

Levels and vault maps discovered:
D:1:      dpeg_arrival_chambers_temple_mockup, layout_basic,
          shapermc_ecumenical_altar_petra, st_stairs_12
D:2:      layout_loops_ring, serial_shops, nicolae_shop_statue_plus, shop
D:3:      layout_basic

Skill      XL: |  1  2  3 |
---------------+----------+-----
Stealth        | 3 |  3.0
Unarmed Combat | 1 |  1.1
Shapeshifting  | 1 |  1.2
Fighting       | |  0.7
Dodging        | |  2.3
Spellcasting   | |  2.3
Conjurations   | |  1.3
Earth Magic    | |  3.1

Action                     || total
---------------------------++-------
  Melee: Unarmed           ||    94
         Constrict         ||    31
         Tentacles         ||    28
         Punch             ||     3
   Cast: Sandblast         ||     3
   Stab: Sleeping          ||     4
         Distracted        ||     2
 Armour: Skin              ||    62
  Dodge: Dodged            ||    73

Table legend: (Time is in decaauts)
 A = Elapsed time spent in this place.
 B = Non-inter-level travel time spent in this place.
 C = Inter-level travel time spent in this place.
 D = Time resting spent in this place.
 E = Time spent auto-exploring this place.
 F = Levels seen in this place.
 G = Mean time per level.
                   A        B        C        D        E       F      G
               +--------+--------+--------+--------+--------+-----+--------+
         Total |   1634 |   1553 |     81 |      0 |   1244 |   3 |  544.7 |
       Dungeon |   1634 |   1553 |     81 |      0 |   1244 |   3 |  544.7 |
               +--------+--------+--------+--------+--------+-----+--------+

Top non-repeatable levels by time:
     D:2: 780 daAuts
     D:1: 719 daAuts
     D:3: 135 daAuts
